AoeStats
← 买麻衣也用劵

Arena

510078579Analyzed
4v4 RM · 4d ago on Sep 29, 2026· 56m 2s· 8 players
Game mode
Random Map
Map size
Large (8 player)
Population
200
Speed
Normal
Resources
Standard
Victory
Conquest
Starting age
Dark Age
Ending age
Imperial Age
RankedLock teamsTeams togetherTeam positionsShared explorationLock speedFull tech treeHidden civsTurbo modeCheats
Victory
Defeat
🇰🇷 Danes · South Korea
1518
+9
🇪🇸 Persians · Spain
1426
+12
🇨🇳 Armenians · China
1424
+12
🇳🇴 Goths · Norway
1346
+15
🇨🇳 Varangians · China
1364
-13
🇨🇳 Japanese · China
1312
-11
🇨🇳 Varangians · China
1269
-9
TdB.victor2.01
11:13 Feudal Age
12:22 Horse Collar
15:47 Castle Age
14:04 Double-Bit Axe
15:44 Loom
16:53 Bow Saw
17:01 Heavy Plow
24:29 Wheelbarrow
28:50 Imperial Age
27:26 Scale Barding Armor
27:32 Forging
27:23 Padded Archer Armor
28:33 Bloodlines
28:23 Husbandry
28:50 Chain Barding Armor
28:30 Padded Archer Armor
28:44 Heavy Camel Rider
30:09 Iron Casting
30:58 Plate Barding Armor
32:35 Hand Cart
32:10 Town Watch
33:52 Chemistry
36:55 Blast Furnace
36:12 Leather Archer Armor
42:01 Light Cavalry
49:56 Hussar
55:21 Caravan
Jonsiboi
8:56 Loom
11:14 Feudal Age
15:30 Castle Age
13:39 Double-Bit Axe
17:03 Bow Saw
16:36 Horse Collar
16:48 Gold Mining
17:39 Wheelbarrow
23:21 Fletching
32:49 Heavy Plow
37:26 Squires
36:47 Pikeman
40:04 Hand Cart
39:34 Town Watch
41:40 Scale Mail Armor
41:50 Forging
42:14 Stone Mining
45:36 Imperial Age
43:41 Chain Mail Armor
44:21 Stone Shaft Mining
43:53 Caravan
44:55 Treadmill Crane
45:26 Masonry
45:42 Heavy Scorpion
46:50 Ballistics
47:33 Chemistry
47:04 Architecture
47:18 Capped Ram
48:18 Halberdier
50:52 Conscription
50:37 Perfusion
51:53 Crop Rotation
52:25 Two-Man Saw
53:03 Iron Casting
52:25 Bodkin Arrow
53:09 Man-at-Arms
55:35 Murder Holes
ahnimah
10:28 Feudal Age
14:14 Castle Age
13:15 Double-Bit Axe
19:45 Horse Collar
20:11 Loom
21:17 Heavy Plow
22:25 Wheelbarrow
27:39 Imperial Age
26:14 Ballistics
27:32 Gold Mining
28:04 Forging
27:47 Fletching
28:04 Padded Archer Armor
28:14 Thumb Ring
30:02 Chemistry
29:15 Bodkin Arrow
29:41 Leather Archer Armor
30:10 Bracer
29:45 Cranequins
31:05 Husbandry
33:04 Ring Archer Armor
32:53 Heavy Mounted Crossbowman
33:41 Town Watch
33:42 Loom
34:16 Hand Cart
37:00 Bloodlines
38:24 Gold Shaft Mining
38:23 Light Cavalry
39:11 Scale Barding Armor
42:44 Iron Casting
43:23 Chain Barding Armor
44:02 Siege Engineers
49:37 Plate Barding Armor
Laki
9:19 Feudal Age
13:32 Castle Age
12:31 Double-Bit Axe
15:51 Horse Collar
17:52 Loom
20:47 Wheelbarrow
21:59 Forging
22:52 Hand Cart
24:38 Bow Saw
24:19 Gold Mining
24:19 Stone Mining
28:46 Imperial Age
27:42 Iron Casting
27:07 Scale Mail Armor
27:07 Fletching
27:18 Padded Archer Armor
28:01 Ballistics
30:35 Chemistry
29:50 Bodkin Arrow
29:19 Elite Composite Bowman
30:40 Conscription
30:49 Leather Archer Armor
31:46 Bracer
32:56 Ring Archer Armor
35:56 Scale Barding Armor
36:52 Blast Furnace
36:26 Bloodlines
36:16 Husbandry
35:37 Light Cavalry
37:34 Chain Barding Armor
50:49 Coinage
50:10 Cavalier
51:37 Chain Mail Armor
50:57 Man-at-Arms
51:23 Gambesons
51:38 Squires
51:24 Arson
51:32 Long Swordsman
51:59 Two-Handed Swordsman
53:18 Fereters
53:08 Champion
休眠玩家 精锐条顿骑士 一步杀十人
10:55 Feudal Age
14:43 Castle Age
12:57 Horse Collar
13:11 Double-Bit Axe
13:54 Stone Mining
14:34 Gold Mining
15:04 Loom
15:25 Heavy Plow
21:00 Wheelbarrow
23:37 Hand Cart
28:45 Imperial Age
26:08 Town Watch
26:55 Scale Mail Armor
26:50 Man-at-Arms
27:15 Gambesons
28:17 Forging
27:57 Long Swordsman
29:18 Gold Shaft Mining
29:28 Chain Mail Armor
28:54 Capped Ram
30:01 Conscription
30:57 Plate Mail Armor
30:18 Two-Handed Swordsman
32:02 Iron Casting
31:44 Champion
33:55 Blast Furnace
33:13 Arson
35:00 Fletching
34:36 Siege Ram
36:29 Fortified Wall
36:11 Pikeman
37:55 Coinage
36:55 Halberdier
43:29 Masonry
42:57 Onager
45:14 Siege Engineers
49:56 Siege Onager
打咩哟~
11:32 Feudal Age
15:30 Castle Age
14:29 Double-Bit Axe
14:25 Horse Collar
15:59 Wheelbarrow
16:14 Scale Barding Armor
16:43 Heavy Plow
17:28 Bow Saw
21:51 Loom
26:25 Stone Mining
26:25 Gold Mining
27:13 Hand Cart
30:45 Imperial Age
29:20 Stone Shaft Mining
28:59 Forging
29:10 Chain Barding Armor
28:54 Husbandry
29:48 Town Watch
31:00 Iron Casting
30:39 Bloodlines
31:33 Town Patrol
32:15 Plate Barding Armor
32:03 Conscription
33:33 Blast Furnace
36:03 Fletching
41:49 Light Cavalry
46:34 Elite Jarl
46:46 Elite Jarl
54:12 Bodkin Arrow
54:51 Capped Ram
icu monster
11:39 Feudal Age
12:22 Horse Collar
12:31 Loom
13:01 Double-Bit Axe
13:17 Gold Mining
15:44 Castle Age
17:22 Wheelbarrow
16:59 Heavy Plow
17:57 Bow Saw
21:23 Hand Cart
23:13 Scale Barding Armor
24:35 Bloodlines
24:21 Town Watch
25:05 Forging
30:21 Imperial Age
28:42 Husbandry
30:05 Chain Barding Armor
30:50 Iron Casting
30:11 Stone Mining
33:06 Plate Barding Armor
33:32 Blast Furnace
33:07 Plate Barding Armor
33:32 Blast Furnace
33:09 Crop Rotation
33:41 Two-Man Saw
33:21 Stone Shaft Mining
33:58 Blast Furnace
32:44 Capped Ram
34:42 Siege Ram
35:01 Siege Ram
38:22 Elite Jarl
50:52 Guilds
54:22 Light Cavalry
买麻衣也用劵
11:37 Feudal Age
15:08 Castle Age
13:33 Double-Bit Axe
14:12 Horse Collar
21:20 Scale Mail Armor
22:17 Chain Mail Armor
30:29 Bow Saw
30:22 Heavy Plow
34:14 Thumb Ring
33:30 Crossbowman
34:07 Fletching
34:18 Padded Archer Armor
35:43 Gold Mining
36:24 Bodkin Arrow
36:44 Leather Archer Armor
37:45 Gold Shaft Mining
39:01 Wheelbarrow
42:01 Imperial Age
39:50 Bloodlines
39:41 Husbandry
41:20 Ballistics
41:39 Hand Cart
42:05 Heavy Cavalry Archer
42:49 Bracer
43:39 Parthian Tactics
44:38 Chemistry
45:12 Capped Ram
47:08 Stone Mining
52:18 Pikeman
52:58 Squires
53:39 Plate Mail Armor
53:40 Ring Archer Armor
53:20 Forging
53:25 Onager
54:27 Halberdier
Connection lost

Rejoining the realm…

Still unreachable

The connection could not be restored.

Session expired

The server has moved on; the page needs a fresh start.